 Dungeon Crawl Stone Soup version 0.29.1-1-gd02db6906a (webtiles) character file.

Game seed: 6350499036263517073

82139 wingedge the Cleaver (level 15, -4/114 (119) HPs)
             Began as a Demonspawn Earth Elementalist on Sept 21, 2022.
             Was the Champion of Ru.
             Slain by an orc warlord
             ... wielding a +3 dire flail of holy wrath
              (28 damage)
             ... on level 1 of the Orcish Mines on Sept 22, 2022.
             The game lasted 01:21:47 (24331 turns).

wingedge the Cleaver (DsEE)                        Turns: 24331, Time: 01:21:47

HP:   -4/114 (119)  AC: 15    Str: 13    XL:     15   Next: 28%
MP:   0/29          EV: 15    Int: 20    God:    Ru [******]
Gold: 1231          SH:  0    Dex: 17    Spells: 6/34 levels left

rFire   x . .      SeeInvis .   a - +9 broad axe
rCold   + . .      Faith    .   (shield unavailable)
rNeg    + . .      Spirit   +   x - +2 robe {Archmagi}
rPois   .          Reflect  .   (helmet unavailable)
rElec   .          Harm     .   U - +1 cloak
rCorr   .          Rampage  .   O - +2 pair of gloves
Will    ++...      Archmagi +   P - +2 pair of boots
Stlth   ++........              W - amulet of magic regeneration
HPRegen 0.29/turn               (ring unavailable)
MPRegen 0.82/turn               T - ring of the Hero {rC++ rN+ Will+ Str+2 Dex+2}

@: exhausted, lightly drained
A: horns 3, yellow scales 2, powered by pain 2, magic shield, magic
regeneration, missing a hand, hated by all, temperature sensitive
a: Renounce Religion, Draw Out Power, Power Leap, Apocalypse


You were on level 1 of the Orcish Mines.
You worshipped Ru.
Ru was exalted by your worship.
You visited 4 branches of the dungeon, and saw 19 of its levels.
You also visited: Bailey.

You collected 1743 gold pieces.
You spent 512 gold pieces at shops.

Inventory:

Hand Weapons
 a - a +9 broad axe (weapon)
 f - the +10 falchion of Ydwi {vamp, rPois rC+}
   (You found it on level 5 of the Lair of Beasts)

   It occasionally heals its wielder for a portion of the damage dealt when it
   wounds a living foe.
   rC:        It protects you from cold.
   rPois:     It protects you from poison.
 l - the +4 war axe of Exoneration {freeze, +Blink rElec rCorr}
   (You acquired it in a bailey)

   It freezes those it strikes, dealing additional cold damage.
   It can also slow down cold-blooded creatures.
   rElec:     It insulates you from electricity.
   +Blink:    It lets you blink.
   rCorr:     It protects you from acid and corrosion.
 p - the +3 mace of Ufyuddyukh {venom, +Blink rPois rF- Stlth+}
   (You bought it in a shop on level 11 of the Dungeon)

   It poisons the flesh of those it strikes.
   rF:        It makes you vulnerable to fire.
   rPois:     It protects you from poison.
   +Blink:    It lets you blink.
   Stlth:     It makes you more stealthy.
 v - the +2 rapier "Fausm" {freeze, rElec rF+ Str-2 Int+6}
   (You found it on level 4 of the Lair of Beasts)

   It freezes those it strikes, dealing additional cold damage.
   It can also slow down cold-blooded creatures.
   Str:       It affects your strength (-2).
   Int:       It affects your intelligence (+6).
   rF:        It protects you from fire.
   rElec:     It insulates you from electricity.
Missiles
 E - a throwing net
Armour
 x - a +2 robe of the Archmagi (worn)
 K - a +2 robe of willpower
 O - a +2 pair of gloves (worn)
 P - a +2 pair of boots (worn)
 U - a +1 cloak (worn)
Magical Staves
 c - a staff of cold
 d - a staff of death
 e - a staff of earth
 o - a staff of conjuration
 r - a staff of fire
Jewellery
 F - a ring of flight
 R - a ring of fire
 T - the ring of the Hero (right hand) {rC++ rN+ Will+ Str+2 Dex+2}
   (You found it on level 5 of the Lair of Beasts)

   [ring of positive energy]

   Str:       It affects your strength (+2).
   Dex:       It affects your dexterity (+2).
   rC:        It greatly protects you from cold.
   rN:        It protects you from negative energy.
   Will:      It increases your willpower.
 W - an amulet of magic regeneration (around neck)
 X - the ring "Zaene" {rElec rF+ MP-9 AC+4}
   (You found it on level 2 of the Lair of Beasts)

   [ring of protection]

   AC:        It affects your AC (+4).
   rF:        It protects you from fire.
   rElec:     It insulates you from electricity.
   MP:        It affects your magic capacity (-9).
Wands
 A - a wand of roots (18)
 B - a wand of paralysis (10)
 D - a wand of mindburst (20)
 S - a wand of flame (27)
Scrolls
 g - 2 scrolls of amnesia
 n - 10 scrolls of teleportation
 t - 4 scrolls of magic mapping
 u - 5 scrolls of blinking
 w - 3 scrolls of fear
 z - 4 scrolls of vulnerability
 C - 7 scrolls of poison
 I - 3 scrolls of identify
 V - 6 scrolls of fog
Potions
 b - a potion of invisibility
 h - 6 potions of haste
 i - 6 potions of flight
 j - 5 potions of mutation
 k - 2 potions of lignification
 m - 5 potions of berserk rage
 q - 16 potions of curing
 s - 3 potions of magic
 G - 2 potions of attraction
 H - a potion of cancellation
 J - a potion of might
 L - a potion of ambrosia
 N - 4 potions of heal wounds
 Q - a potion of resistance
 Y - a potion of brilliance
Miscellaneous
 y - a tin of tremorstones (1/2)


   Skills:
 + Level 11.3 Fighting
 - Level 13.0 Axes
 - Level 3.0 Armour
 + Level 5.4 Dodging
 - Level 2.0 Stealth
 - Level 10.0 Spellcasting
 - Level 8.0 Conjurations
 - Level 6.1 Necromancy
 + Level 3.8 Translocations
 - Level 5.0 Transmutations
 - Level 4.0 Fire Magic
 - Level 5.4 Air Magic
 + Level 8.7 Earth Magic
 - Level 5.0 Poison Magic
 - Level 4.0 Evocations


You had 6 spell levels left.
You knew the following spells:

 Your Spells              Type           Power      Damage    Failure   Level
a - Sandblast             Erth           100%       2d20      1%          1
b - Stone Arrow           Conj/Erth      100%       3d13      1%          3
c - Poisonous Vapours     Pois/Air       92%        N/A       1%          2
d - Petrify               Tmut/Erth      54%        N/A       4%          4
e - Apportation           Tloc           76%        N/A       1%          1
f - Corpse Rot            Necr/Pois/Air  48%        N/A       7%          4
g - Flame Wave            Conj/Fire      50%        2d12      6%          4
h - Iskenderun's Mystic   Conj/Tloc      50%        2d11      6%          4
i - Lee's Rapid Deconstr  Erth           30%        3d17*     5%          5

Your spell library contained the following spells:

 Spells                   Type           Power      Damage    Failure   Level
 Foxfire                  Conj/Fire      100%       2x1d9     1%          1
 Necrotise                Necr           100%       1d9       1%          1
 Passwall                 Tmut/Erth      45%        N/A       1%          2
 Conjure Flame            Conj/Fire      50%        6-21      1%          3
 Vampiric Draining        Necr           51%        2d9       1%          3
 Slow                     Hex            60%        N/A       7%          1
 Inner Flame              Hex/Fire       27%        N/A       9%          3
 Fulminant Prism          Conj/Hex       19%        3d11      13%         4
 Confusing Touch          Hex            15%        N/A       21%         3
 Summon Small Mammal      Summ           Unusable   N/A       N/A         1

Dungeon Overview and Level Annotations

Branches:
Dungeon (12/15)            Temple (1/1) D:6            Lair (5/5) D:9
 Shoals (0/4) Lair:2        Snake (0/4) Lair:3        Slime (0/5) Lair:4
    Orc (1/2) D:11         Bailey (visited)

Altars:
Ashenzari
Cheibriados
Dithmenos
Gozag
Kikubaaqudgha
Makhleb
Nemelex Xobeh
Okawaru
Qazlal
Ru
Sif Muna
Trog
Uskayaw
Vehumet
Wu Jian
Xom

Shops:
D:11 *


Innate Abilities, Weirdness & Mutations

You have a pair of large horns on your head.
You are mostly covered in yellow scales. (AC +3)
You sometimes gain power by taking damage.
When hurt, damage is shared between your health and your magic reserves.
You regenerate magic rapidly.
You are missing a hand.
You are hated by all.
You are sensitive to extremes of temperature. (rF-, rC-)


Message History

The orc warlord is moderately wounded.
The blast of rock fragments hits the orc knight!!
The orc knight is severely wounded.
The blast of rock fragments hits the orc priest!!
You kill the orc priest!
An orc warrior comes into view. It is wielding a +0 short sword.
Unknown command.
Your miasmic aura fades.
The orc knight roars a battlecry!
The orc warlord goes into a battle-frenzy!
Casting: Lee's Rapid Deconstruction (dangerous; 5% risk of failure)
Confirm with . or Enter, or press ? or * to list all spells.
Aiming: Poisonous Vapours (safe; 1% risk of failure)
Press: ? - help, Dir - move target, f - orc knight
Aim: an orc knight, wielding a +1 dire flail and wearing a +0 plate armour (severely wounded, strong)
You feel a surge of power!
Poisonous vapours surround the orc knight!
The orc knight is poisoned.
You see here a +0 hand axe.
Casting: Poisonous Vapours (safe; 1% risk of failure)
Confirm with . or Enter, or press ? or * to list all spells.
Aiming: Poisonous Vapours (safe; 1% risk of failure)
Press: ? - help, Dir - move target, f/p - orc knight
Aim: an orc knight, wielding a +1 dire flail and wearing a +0 plate armour (severely wounded, strong, very poisoned)
You feel a surge of power!
Poisonous vapours surround the orc knight!
The orc knight looks as sick as possible!
An orc comes into view. It is wielding a +0 club.
Unknown command.
Casting: Poisonous Vapours (safe; 1% risk of failure)
Confirm with . or Enter, or press ? or * to list all spells.
Okay, then.
You slash the orc warlord! You headbutt the orc warlord.
The orc warlord is heavily wounded.
You hit the orc knight but do no damage.
The orc knight barely misses you.
The orc warlord hits you with a +3 dire flail of holy wrath!!!
* * * LOW HITPOINT WARNING * * *
You focus on the pain.
You feel your power returning.
You convulse!!!
You die...

##.#.. ...... ##.
...o.)# ######..
....)#.##.......
#.....)o°...... #
#.....))○).#.##.##...#
#...##.)o)##.#...#.... #
##oo.).....#.....
##@)...........##
#...............##
##...............##
##..........#......#
##..................#
##.#..................
##....................#
##......#..........##...
#...................##.#


You could see an orc warlord (strong), an orc knight (strong, extremely
poisoned), an orc warrior (strong) and 2 orcs.

Vanquished Creatures
  Jorgrun (D:12)
  Frances (D:12)
  An orc warlord (Bailey)
  The ghost of Rudyous the Fighter, a journeyman MiFi of Gozag (Lair:5)
  Nessos (Lair:4)
  4 dire elephants (Lair:5)
  6 hydras
  2 catoblepae
  2 boulder beetles
  10 death yaks
  A spectral death yak (Lair:5)
  A spectral anaconda (Lair:5)
  Pikel (D:5)
  2 orc knights
  4 necromancers (Lair:5)
  An obsidian statue (Lair:5)
  A deep elf pyromancer (D:12)
  A cyclops (D:11)
  2 ugly things
  2 manticores
  14 elephants
  A guardian serpent (Lair:3)
  4 black mambas
  11 cane toads
  An unseen horror (D:12)
  Psyche (D:12)
  3 rime drakes
  8 komodo dragons
  4 trolls
  A wind drake (Lair:2)
  6 blink frogs
  7 dream sheep
  A wraith (D:10)
  26 yaks
  3 shadows
  A basilisk (Lair:3)
  6 wyverns
  4 steam dragons
  A death yak simulacrum (Lair:5)
  A vampire mosquito (D:5)
  A warg (Orc:1)
  2 acid dragons
  14 water moccasins
  Duvessa (D:7)
  An ice beast (D:7)
  A sky beast (D:7)
  2 black bears
  23 orc warriors
  2 elephant zombies (Lair:5)
  2 ogres
  4 centaurs
  7 wolves
  6 kobold brigands
  2 lemures (D:5)
  A necrophage (D:7)
  10 bullfrogs
  A cane toad simulacrum (Lair:5)
  A gnoll sergeant (D:9)
  3 scorpions
  15 wights
  Dowan (D:7)
  A jelly (D:5)
  3 howler monkeys
  7 electric eels (D:9)
  13 orc priests
  4 gnoll boudas
  2 hounds
  4 iguanas
  Ijyb (D:4)
  20 orc wizards
  9 adders
  26 gnolls
  A shadow imp (D:7)
  A white imp (D:7)
  3 dart slugs
  64 orcs
  6 ball pythons
  2 bats (D:2)
  9 endoplasms
  7 giant cockroaches
  25 goblins
  12 hobgoblins
  A jackal (D:5)
  16 kobolds
  8 quokkas
  A frilled lizard (D:1)
  8 rats
503 creatures vanquished.

Vanquished Creatures (others)
  An elephant (Lair:5)
  2 blink frogs (Lair:4)
  An orc warrior (Bailey)
  A scorpion (D:7)
  A wight (D:7)
  An orc (D:7)
  A quokka (D:5)
  17 fungi
  38 plants
  30 withered plants (Lair:5)
93 creatures vanquished.

Grand Total: 596 creatures vanquished

Notes
Turn   | Place    | Note
-------+----------+-------------------------------------------
     0 | D:1      | wingedge the Demonspawn Earth Elementalist began the quest
                  | for the Orb.
     0 | D:1      | Reached XP level 1. HP: 13/13 MP: 3/3
    79 | D:1      | Reached skill level 1 in Transmutations
   204 | D:1      | Gained mutation: You have a pair of small horns on your
                  | head. [demonic ancestry]
   204 | D:1      | Reached XP level 2. HP: 19/19 MP: 3/5
   289 | D:1      | Reached skill level 1 in Fighting
   546 | D:1      | Reached skill level 1 in Conjurations
   728 | D:2      | Gained mutation: You are partially covered in yellow
                  | scales. (AC +2) [demonic ancestry]
   728 | D:2      | Reached XP level 3. HP: 25/26 MP: 2/6
   842 | D:2      | Found a faded altar of an unknown god.
   846 | D:2      | Prayed at the altar of an unknown god.
   846 | D:2      | Became a worshipper of Ru the Awakened
   853 | D:2      | Gained mutation: You are hated by all. [Ru sacrifice]
   853 | D:2      | Reached * piety under Ru
  1055 | D:2      | Learned a level 3 spell: Stone Arrow
  1098 | D:2      | Gained mutation: You have a pair of horns on your head.
                  | [demonic ancestry]
  1098 | D:2      | Reached XP level 4. HP: 30/33 MP: 7/7
  1201 | D:2      | Reached skill level 1 in Armour
  1794 | D:3      | Found an iron altar of Okawaru.
  1918 | D:3      | Found a snail-covered altar of Cheibriados.
  2604 | D:4      | Found a sparkling altar of Nemelex Xobeh.
  2696 | D:4      | Reached XP level 5. HP: 41/41 MP: 8/8
  3033 | D:4      | Gained mutation: You are sensitive to extremes of
                  | temperature. (rF-, rC-) [Ru sacrifice]
  3033 | D:4      | Reached ** piety under Ru
  3033 | D:4      | Reached *** piety under Ru
  3033 | D:4      | Reached **** piety under Ru
  3120 | D:4      | Noticed Ijyb
  3137 | D:4      | Killed Ijyb
  3303 | D:5      | Entered Level 5 of the Dungeon
  3305 | D:5      | Noticed a black bear
  3312 | D:5      | Killed a black bear
  3313 | D:5      | Gained mutation: You regenerate magic rapidly. [demonic
                  | ancestry]
  3313 | D:5      | Reached XP level 6. HP: 47/47 MP: 5/9
  3436 | D:5      | Noticed a water moccasin
  3441 | D:5      | Killed a water moccasin
  3479 | D:5      | Noticed a yak
  3479 | D:5      | Noticed a vampire mosquito
  3484 | D:5      | Killed a yak
  3485 | D:5      | Reached skill level 5 in Conjurations
  3485 | D:5      | Reached XP level 7. HP: 40/52 MP: 7/10
  3491 | D:5      | Killed a vampire mosquito
  3492 | D:5      | Reached skill level 5 in Earth Magic
  4040 | D:5      | Noticed Pikel
  4250 | D:5      | Killed Pikel
  4251 | D:5      | Gained mutation: You sometimes gain a little power by
                  | taking damage. [demonic ancestry]
  4251 | D:5      | Reached XP level 8. HP: 60/60 MP: 5/11
  4409 | D:5      | Reached skill level 1 in Axes
  4684 | D:5      | Found a bloodstained altar of Trog.
  4717 | D:5      | Reached skill level 4 in Axes
  5100 | D:6      | Reached skill level 5 in Axes
  5214 | D:6      | Found a staircase to the Ecumenical Temple.
  5222 | Temple   | Entered the Ecumenical Temple
  5666 | D:6      | Reached skill level 6 in Axes
  5736 | D:6      | Reached skill level 5 in Fighting
  5736 | D:6      | Gained mutation: When hurt, damage is shared between your
                  | health and your magic reserves. [demonic ancestry]
  5736 | D:6      | Reached XP level 9. HP: 31/68 MP: 2/12
  6075 | D:6      | Learned a level 2 spell: Poisonous Vapours
  6274 | D:6      | Reached skill level 1 in Air Magic
  6274 | D:6      | Reached skill level 1 in Poison Magic
  6310 | D:6      | Gained mutation: You are missing a hand. [Ru sacrifice]
  6310 | D:6      | Reached ***** piety under Ru
  6310 | D:6      | Reached ****** piety under Ru
  6634 | D:7      | Noticed a troll
  6638 | D:7      | Killed a troll
  6864 | D:7      | Found a flagged portal.
  6883 | Bailey   | Entered a bailey
  7501 | Bailey   | Noticed an orc warlord
  7503 | Bailey   | Noticed an orc knight
  7505 | Bailey   | Killed an orc warlord
  7506 | Bailey   | Gained mutation: You are mostly covered in yellow scales.
                  | (AC +3) [demonic ancestry]
  7506 | Bailey   | Reached XP level 10. HP: 55/76 MP: 5/16
  7507 | Bailey   | Killed an orc knight
  7513 | Bailey   | Learned a level 4 spell: Petrify
  7655 | Bailey   | Acquired the +4 war axe of Exoneration {freeze, +Blink
                  | rElec rCorr}
  7745 | D:7      | Noticed Dowan
  7747 | D:7      | Noticed Duvessa
  7751 | D:7      | Killed Dowan
  7752 | D:7      | Killed Duvessa
  7849 | D:7      | Reached skill level 1 in Necromancy
  7995 | D:7      | Found a shadowy altar of Dithmenos.
  7997 | D:7      | Reached skill level 1 in Evocations
  8116 | D:7      | Reached skill level 7 in Axes
  9384 | D:8      | Reached skill level 8 in Axes
 10374 | D:9      | Learned a level 1 spell: Apportation
 10456 | D:9      | Reached skill level 1 in Translocations
 10711 | D:9      | Gained mutation: You have a pair of large horns on your
                  | head. [demonic ancestry]
 10711 | D:9      | Reached XP level 11. HP: 76/81 MP: 17/17
 10866 | D:9      | Found a staircase to the Lair.
 10964 | D:9      | Reached skill level 9 in Axes
 11016 | D:9      | Noticed a three-headed hydra
 11022 | D:9      | Killed a three-headed hydra
 11586 | D:10     | Entered Level 10 of the Dungeon
 11815 | D:10     | Found a shimmering altar of Xom.
 12019 | D:10     | Reached skill level 5 in Transmutations
 12669 | D:11     | Noticed a seven-headed hydra
 12675 | D:11     | Killed a seven-headed hydra
 12758 | D:11     | Reached skill level 10 in Axes
 12758 | D:11     | Reached skill level 5 in Spellcasting
 12901 | D:11     | Found Dodun's General Store.
 12905 | D:11     | Bought a scroll of fear for 56 gold pieces
 13070 | D:11     | Found a staircase to the Orcish Mines.
 13596 | D:12     | Noticed Psyche
 13599 | D:12     | Noticed a boulder beetle
 13600 | D:12     | Killed Psyche
 13600 | D:12     | Killed a boulder beetle
 13657 | D:12     | Noticed a six-headed hydra
 13669 | D:12     | Killed a six-headed hydra
 13670 | D:12     | Reached skill level 11 in Axes
 13677 | D:12     | Noticed Jorgrun
 13784 | D:12     | Killed Jorgrun
 13785 | D:12     | Reached XP level 12. HP: 91/95 MP: 19/19
 13852 | D:11     | Reached skill level 12 in Axes
 13857 | D:11     | Learned a level 4 spell: Corpse Rot
 14077 | D:12     | Noticed Frances
 14088 | D:12     | Killed Frances
 14622 | D:11     | Bought the +3 mace of Ufyuddyukh {venom, +Blink rPois rF-
                  | Stlth+} for 456 gold pieces
 14691 | Lair:1   | Entered Level 1 of the Lair of Beasts
 15616 | Lair:1   | Noticed a five-headed hydra
 15623 | Lair:1   | Killed a five-headed hydra
 16853 | Lair:2   | Identified the ring "Zaene" {rElec rF+ MP-9 AC+4}
 17026 | Lair:2   | Reached XP level 13. HP: 70/102 MP: 10/23
 17375 | Lair:2   | Found a staircase to the Shoals.
 18432 | Lair:3   | Reached skill level 10 in Fighting
 18721 | Lair:3   | Found a staircase to the Snake Pit.
 18897 | Lair:3   | Identified the +1 ring mail "Qezusy" {rElec Dex+6}
 19427 | Lair:3   | Reached skill level 5 in Necromancy
 19830 | Lair:4   | Noticed Nessos
 19848 | Lair:4   | Killed Nessos
 19849 | Lair:4   | Reached skill level 13 in Axes
 20169 | Lair:4   | Reached skill level 5 in Poison Magic
 20216 | Lair:4   | Identified the +2 rapier "Fausm" {freeze, rElec rF+ Str-2
                  | Int+6}
 20323 | Lair:4   | Learned a level 4 spell: Flame Wave
 20431 | Lair:4   | Reached skill level 5 in Air Magic
 20431 | Lair:4   | Gained mutation: You sometimes gain power by taking damage.
                  | [demonic ancestry]
 20431 | Lair:4   | Reached XP level 14. HP: 107/107 MP: 25/27
 20479 | Lair:4   | Found a staircase to the Slime Pits.
 20744 | Lair:5   | Entered Level 5 of the Lair of Beasts
 21237 | Lair:5   | Learned a level 5 spell: Lee's Rapid Deconstruction
 21256 | Lair:4   | Learned a level 4 spell: Iskenderun's Mystic Blast
 22146 | Lair:5   | Found a runed translucent door.
 22148 | Lair:5   | Noticed Rudyous's ghost (journeyman MiFi)
 22173 | Lair:5   | Killed Rudyous's ghost
 22529 | Lair:5   | Reached XP level 15. HP: 113/113 MP: 2/28
 22735 | Lair:5   | Identified the +10 falchion of Ydwi {vamp, rPois rC+}
 23330 | Lair:5   | Identified the ring of the Hero {rC++ rN+ Will+ Str+2
                  | Dex+2}
 23384 | Lair:5   | Reached skill level 10 in Spellcasting
 23391 | Lair:5   | Reached skill level 5 in Dodging
 24001 | Orc:1    | Entered Level 1 of the Orcish Mines
 24319 | Orc:1    | Noticed an orc warlord
 24331 | Orc:1    | Slain by an orc warlord

Illustrated notes

Levels and vault maps discovered:
D:1:      matt_arrival_los_fun, layout_rooms, hangedman_feature_mirror
D:2:      layout_rooms, shapermc_ecumenical_altar_venn, minmay_distorted
D:3:      layout_rooms, okawaru_ov_weapons_minmay, lemuel_tele_altar
D:4:      layout_gridville, nemelex_dance_club_becter, minmay_misc_feat_encased,
          uniq_ijyb
D:5:      minmay_skewed_foursquare, layout_basic, overflow_temple_1_default,
          minmay_manual_monstrance, uniq_pikel
D:6:      minmay_inner_zag, layout_loops_ring, minmay_temple_entry_large_hall
D:7:      layout_basic, marbit_many_paths, enter_bailey_2,
          kennysheep_generic_room_6, uniq_duvessa
D:8:      layout_basic, hangedman_abyss_or_decor_passed
D:9:      layout_cross, lair_entry_dummy, serial_bayou, serial_bayou_pond_b,
          serial_bayou_pond_d, serial_bayou_lagoon_a, serial_bayou_pond_c,
          serial_bayou_shore_b, serial_bayou_lake_a, hangedman_ranch
D:10:     layout_roguey, mainiacjoe_overflow_24_doors, serial_curves,
          eino_curves_02, eino_curves_04, serial_bayou_pond_e
D:11:     layout_basic, orc_0_dummy, serial_shops, nicolae_shop_stone
D:12:     layout_rooms, uniq_psyche, uniq_jorgrun, uniq_frances
Temple:   compressed_dpeg_triangle_lava_temple
Lair:1:   layout_gridlike, evilmike_ambush [evilmike_ambush_outer_corners,
          evilmike_ambush_inner_wall_2]
Lair:2:   layout_loops_ring, minmay_shoals_entry_beasts, lemuel_fruit_tree,
          grunt_megastairs_2
Lair:3:   layout_hall_layers, minmay_snake_entry_spellcaster,
          serial_bayou_pond_b, grunt_megastairs_5
Lair:4:   layout_gridlike, slime_entry_1, uniq_nessos
Lair:5:   due_jungle_book, layout_cave_pods, ebering_ghost_inner_flame,
          st_stairs_10
Orc:1:    layout_caves, special_room [special_room_orc]

Skill      XL: |  1  2  3  4  5  6  7  8  9 10 11 12 13 14 15 |
---------------+----------------------------------------------+-----
Transmutations | 1 3 4 5 |  5.0
Stealth        | 2 |  2.0
Dodging        | 2 3 4 5 |  5.4
Earth Magic    | 3 4 6 7 8 |  8.7
Fighting       | 1 2 3 4 5 6 9 10 11 | 11.3
Conjurations   | 1 2 4 5 6 7 8 |  8.0
Armour         | 1 2 3 |  3.0
Axes           | 6 8 11 12 13 | 13.0
Spellcasting   | 4 5 7 9 10 | 10.0
Air Magic      | 3 5 |  5.4
Poison Magic   | 3 5 |  5.0
Necromancy     | 2 3 4 6 |  6.1
Evocations     | 3 4 |  4.0
Translocations | 1 2 3 |  3.8
Fire Magic     | 2 3 4 |  4.0

Action                   |  1- 3 |  4- 6 |  7- 9 | 10-12 | 13-15 || total
-------------------------+-------+-------+-------+-------+-------++-------
Melee: Spear             |    17 |    22 |       |       |       ||    39
       Headbutt          |     2 |     5 |    16 |    34 |    61 ||   118
       Falchion          |       |     6 |    20 |       |       ||    26
       Whip              |       |       |     4 |       |       ||     4
       War axe           |       |       |    44 |    89 |       ||   133
       Broad axe         |       |       |       |    86 |   226 ||   312
       Staff             |       |       |       |     2 |     3 ||     5
       Mace              |       |       |       |       |     6 ||     6
 Cast: Sandblast         |    44 |    50 |     2 |       |       ||    96
       Stone Arrow       |       |    16 |   147 |   222 |   106 ||   491
       Poisonous Vapours |       |       |     2 |       |    10 ||    12
       Apportation       |       |       |       |     1 |       ||     1
       Petrify           |       |       |       |     4 |     7 ||    11
       Corpse Rot        |       |       |       |     7 |     7 ||    14
       Lee's Rapid Decon |       |       |       |       |    42 ||    42
       Flame Wave        |       |       |       |       |     5 ||     5
       Iskenderun's Myst |       |       |       |       |     5 ||     5
Invok: Sacrifice Love    |     1 |       |       |       |       ||     1
       Sacrifice Resista |       |     1 |       |       |       ||     1
       Draw Out Power    |       |       |     1 |     4 |     1 ||     6
       Power Leap        |       |       |     1 |       |       ||     1
       Apocalypse        |       |       |     1 |     3 |     5 ||     9
       Sacrifice a Hand  |       |       |     1 |       |       ||     1
Evoke: Wand              |       |     3 |       |     2 |     2 ||     7
       Tin of tremorston |       |       |       |     3 |     2 ||     5
  Use: Scroll            |       |     6 |     5 |    20 |     8 ||    39
       Potion            |       |       |     2 |       |     5 ||     7
 Stab: Sleeping          |       |     2 |     1 |       |     1 ||     4
       Invisible         |       |       |     1 |     1 |     5 ||     7
       Distracted        |       |       |       |     2 |     1 ||     3
       Paralysed         |       |       |       |     2 |    18 ||    20
       Petrified         |       |       |       |       |     6 ||     6
       Petrifying        |       |       |       |       |     1 ||     1
Armor: Robe              |     8 |     7 |    18 |    97 |   106 ||   236
       Leather armour    |       |       |     1 |       |       ||     1
Dodge: Dodged            |    17 |    25 |    43 |   174 |   170 ||   429
